 Dungeon Crawl Stone Soup version 0.30-a0-637-gacddeb6d44 (webtiles) character file.

Game seed: 4485474127248817774

1636 Leeroy the Carver (level 8, -1/44 HPs)
             Began as a Tengu Warper on Jan 15, 2023.
             Was a Believer of Uskayaw.
             Slain by a sky beast (5 damage)
             ... on level 7 of the Dungeon.
             The game lasted 00:10:39 (7198 turns).

Leeroy the Carver (Tengu Warper)                    Turns: 7198, Time: 00:10:39

Health: -1/44      AC:  5    Str: 11    XL:     8   Next: 98%
Magic:  12/12      EV: 18    Int: 14    God:    Uskayaw [**....]
Gold:   335        SH:  0    Dex: 16    Spells: 2/11 levels left

rFire   . . .      SeeInvis .    z - +4 dagger (speed)
rCold   . . .      Faith    .    (no shield)
rNeg    . . .      Spirit   .    b - +0 leather armour
rPois   .          Reflect  .    (helmet restricted)
rElec   .          Harm     .    s - +0 cloak
rCorr   +          Rampage  .    w - +0 pair of gloves
Will    .....                    (boots unavailable)
Stlth   +                        e - amulet of the acrobat
HPRegen 0.27/turn                (no ring)
MPRegen 0.13/turn                G - ring of resist corrosion

@: flying quickly and evasively, quick
A: beak, talons 3, nimble flight
a: Renounce Religion, Stomp, Line Pass


You were on level 7 of the Dungeon.
You worshipped Uskayaw.
Uskayaw was noncommittal.
You visited 2 branches of the dungeon, and saw 8 of its levels.

You collected 335 gold pieces.

Inventory:

Hand Weapons
 a - a +0 falchion
 x - a +2 dagger of pain
 y - a +2 dagger of flaming
 z - a +4 dagger of speed (weapon)
 B - a +2 dagger of venom
 C - a +2 dagger of venom
Missiles
 d - 7 boomerangs of dispersal
 n - 5 poisoned darts
 q - 6 boomerangs
 u - a throwing net (quivered)
Armour
 b - a +0 leather armour (worn)
 s - a +0 cloak (worn)
 w - a +0 pair of gloves (worn)
 L - the +5 pair of boots of Beacia {Str+4}
   (You found it on level 7 of the Dungeon)

   Str:       It affects your strength (+4).
Jewellery
 e - an amulet of the acrobat (around neck)
 g - a ring of ice
 G - a ring of resist corrosion (right hand)
Scrolls
 f - 2 scrolls of identify
 h - 3 scrolls of teleportation
 j - 2 scrolls of immolation {unknown}
 k - 3 scrolls of vulnerability {unknown}
 l - 4 scrolls of magic mapping {unknown}
 m - 2 scrolls of enchant weapon {unknown}
 p - 2 scrolls of butterflies {unknown}
 r - a scroll of acquirement {unknown}
 v - 2 scrolls of enchant armour {unknown}
 I - a scroll of amnesia {unknown}
Potions
 i - 2 potions of brilliance {unknown}
 o - a potion of berserk rage {unknown}
 t - 5 potions of degeneration
 A - 3 potions of haste {unknown}
 D - a potion of heal wounds {unknown}
 E - a potion of flight {unknown}
 F - a potion of ambrosia {unknown}
 H - a potion of lignification {unknown}
 J - a potion of curing
 K - a potion of mutation {unknown}


   Skills:
 - Level 2.0 Fighting
 - Level 10.0 Long Blades
 - Level 1.0 Throwing
 - Level 1.1 Armour
 + Level 7.3 Dodging
 - Level 2.0 Spellcasting
 - Level 2.4 Translocations


You had 2 spell levels left.
You knew the following spells:

 Your Spells              Type           Power      Damage    Failure   Level
a - Blink                 Tloc           16%        N/A       19%         2
b - Vhi's Electric Charg  Tloc/Air       8%         N/A       50%         3
c - Manifold Assault      Tloc           8%         N/A       75%         4

Your spell library contained the following spells:

 Spells                   Type           Power      Damage    Failure   Level
 Lesser Beckoning         Tloc           16%        N/A       34%         3
 Teleport Other           Tloc           8%         N/A       34%         3


Dungeon Overview and Level Annotations

Branches:
Dungeon (7/15)             Temple (1/1) D:6

Altars:
Ashenzari
Cheibriados
Dithmenos
Fedhas
Hepliaklqana
Kikubaaqudgha
Nemelex Xobeh
Okawaru
Ru
Sif Muna
Trog
Uskayaw
Vehumet
Xom
Yredelemnul
Zin
The Shining One


Innate Abilities, Weirdness & Mutations

You have a beak for a mouth.
You have claws for feet.
Your magical nature lets you fly swiftly and evasively.


Message History

A hound and a sky beast come into view.
Found a robe and 17 gold pieces.
The hound barks!
The hound completely misses you. The hound completely misses you.
The hound attacks as you move away! The hound completely misses you.
The hound bites you but does no damage.
You hit the hound. You claw the hound. You peck the hound, but do no damage.
The hound is moderately wounded.
You barely miss the hound. You claw the hound.
The hound is severely wounded.
The hound closely misses you.
You can now pass through a line of other dancers.
You hit the hound. You claw the hound.
The hound is almost dead.
You hit the hound.
You kill the hound!
Okay, then.
As you read the scroll of identify, it crumbles to dust.
t - 5 potions of degeneration You can no longer pass through a line of other dancers.
You hit the sky beast. Your peck misses the sky beast.
The sky beast is lightly wounded.
You hit the sky beast. You peck the sky beast. Your punch misses the sky beast.
The sky beast is moderately wounded.
You hit the sky beast. Your kick misses the sky beast.
The sky beast is moderately wounded.
The sky beast hits you.
* * * LOW HITPOINT WARNING * * *
The sky beast shocks you.
* * * LOW HITPOINT WARNING * * *
You can now pass through a line of other dancers.
You hit the sky beast.
The sky beast is heavily wounded.
You closely miss the sky beast.
The sky beast is heavily wounded.
The sky beast hits you.
* * * LOW HITPOINT WARNING * * *
The sky beast shocks you.
You die...

#......#.##
#.#####..# #
####..#♣...
#.##...........
#........#♣...♣
####.##..# .♣♣
#.###.# #
#Y....# #@.####
#..# #....
##.### .# .# .#
.#


You could see a sky beast.

Vanquished Creatures
  Sigmund (D:5)
  A steam dragon (D:6)
  A sky beast (D:7)
  An ice beast (D:3)
  2 ogres
  A phantom (D:5)
  4 necrophages
  2 scorpions
  A hound (D:7)
  5 iguanas
  3 orc wizards
  14 gnolls
  5 adders
  A white imp (D:5)
  3 worms
  A dart slug (D:1)
  18 orcs
  6 ball pythons
  5 endoplasms
  8 goblins
  6 hobgoblins
  10 jackals
  6 kobolds
  3 quokkas
  6 bats
  5 frilled lizards
  2 rats (D:2)
121 creatures vanquished.

Vanquished Creatures (others)
  38 plants
38 creatures vanquished.

Grand Total: 159 creatures vanquished

Notes
Turn   | Place    | Note
-------+----------+-------------------------------------------
     0 | D:1      | Leeroy the Tengu Warper began the quest for the Orb.
     0 | D:1      | Reached XP level 1. HP: 12/12 MP: 4/4
   285 | D:1      | Reached skill level 3 in Long Blades
   285 | D:1      | Reached XP level 2. HP: 17/17 MP: 6/6
   525 | D:1      | Reached XP level 3. HP: 13/21 MP: 7/7
   736 | D:2      | Reached skill level 4 in Long Blades
  1087 | D:1      | Reached XP level 4. HP: 6/26 MP: 8/8
  1434 | D:2      | Reached skill level 5 in Long Blades
  1840 | D:3      | Gained mutation: Your magical nature lets you fly swiftly
                  | and evasively. [Tengu growth]
  1840 | D:3      | Reached XP level 5. HP: 30/30 MP: 9/9
  2013 | D:3      | Reached skill level 6 in Long Blades
  2621 | D:3      | Noticed an ice beast
  2641 | D:3      | Reached skill level 7 in Long Blades
  2641 | D:3      | Reached XP level 6. HP: 26/35 MP: 10/10
  2649 | D:3      | Killed an ice beast
  3554 | D:5      | Entered Level 5 of the Dungeon
  3554 | D:5      | Found a shimmering altar of Xom.
  3554 | D:5      | Found a bloodstained altar of Trog.
  3603 | D:5      | Noticed Sigmund
  3624 | D:5      | Reached skill level 8 in Long Blades
  3624 | D:5      | Reached XP level 7. HP: 38/40 MP: 11/11
  3851 | D:5      | Reached skill level 9 in Long Blades
  4189 | D:5      | Learned a level 2 spell: Blink
  4193 | D:5      | Learned a level 3 spell: Vhi's Electric Charge
  4198 | D:5      | Learned a level 4 spell: Manifold Assault
  4909 | D:5      | Reached XP level 8. HP: 37/44 MP: 12/12
  5049 | D:6      | Reached skill level 10 in Long Blades
  5589 | D:7      | Identified the +5 pair of boots of Beacia {Str+4}
  5671 | D:7      | Noticed a wyvern
  5808 | D:6      | Found a staircase to the Ecumenical Temple.
  5925 | Temple   | Entered the Ecumenical Temple
  6030 | Temple   | Became a worshipper of Uskayaw the Reveller
  6063 | D:6      | Reached * piety under Uskayaw
  6066 | D:6      | Reached ** piety under Uskayaw
  6187 | D:6      | Reached skill level 5 in Dodging
  6903 | D:5      | Killed Sigmund
  7157 | D:7      | Noticed an efreet
  7198 | D:7      | Slain by a sky beast

Illustrated notes

Levels and vault maps discovered:
D:1:      eino_arrival_tree_alley, layout_basic, nrook_campfire, minmay_unequal
D:2:      layout_rooms
D:3:      layout_basic, chequers_serial_rivers_room_b, serial_bayou_pond_c,
          minmay_divided_ellipse
D:4:      layout_loops_corners, serial_glass, glass_columns_b, glass_columns_a,
          glass_columns_b, glass_columns_a
D:5:      layout_loops_corners, mainiacjoe_overflow_divided_tiny,
          kennysheep_generic_room_15, uniq_sigmund
D:6:      layout_layer_cave, minmay_temple_entry_gardened_gates
D:7:      nzn_winding_woodlands_large [nzn_winding_woodlands_5x5_default,
          nzn_winding_woodlands_5x15_default,
          nzn_winding_woodlands_5x5_closed_star,
          nzn_winding_woodlands_center_triple_pond,
          nzn_winding_woodlands_15x15_five_gardens,
          nzn_winding_woodlands_center_pierced_h,
          nzn_winding_woodlands_5x5_default,
          nzn_winding_woodlands_5x15_concentric,
          nzn_winding_woodlands_5x5_default], layout_loops_corners, minitemple
Temple:   nicolae_temple_superstar

Skill      XL: |  1  2  3  4  5  6  7  8 |
---------------+-------------------------+-----
Long Blades    | 3 4 5 7 8 9 10 | 10.0
Dodging        | 7 |  7.3
Fighting       | |  2.0
Throwing       | |  1.0
Armour         | |  1.1
Spellcasting   | |  2.0
Translocations | |  2.4

Action                   |  1- 3 |  4- 6 |  7- 9 || total
-------------------------+-------+-------+-------++-------
Melee: Falchion          |    71 |    94 |       ||   165
       Kick              |    16 |    46 |    62 ||   124
       Peck              |     8 |    28 |    42 ||    78
       Punch             |       |     2 |       ||     2
       Dagger            |       |    69 |   197 ||   266
Throw: Dart              |       |     3 |     8 ||    11
       Throwing net      |       |       |     1 ||     1
 Cast: Blink             |       |       |     1 ||     1
  Use: Scroll            |     1 |       |     4 ||     5
       Potion            |       |     2 |     1 ||     3
 Stab: Sleeping          |       |     3 |       ||     3
Armor: Leather armour    |    28 |    20 |    13 ||    61
Dodge: Dodged            |    58 |    71 |    65 ||   194

Table legend: (Time is in decaauts)
 A = Elapsed time spent in this place.
 B = Non-inter-level travel time spent in this place.
 C = Inter-level travel time spent in this place.
 D = Time resting spent in this place.
 E = Time spent auto-exploring this place.
 F = Levels seen in this place.
 G = Mean time per level.
                   A        B        C        D        E       F      G
               +--------+--------+--------+--------+--------+-----+--------+
         Total |   6661 |   6340 |    321 |    749 |   4541 |   8 |  832.6 |
       Dungeon |   6543 |   6258 |    285 |    749 |   4474 |   7 |  934.7 |
        Temple |    118 |     82 |     36 |      0 |     66 |   1 |  118.0 |
               +--------+--------+--------+--------+--------+-----+--------+

Top non-repeatable levels by time:
     D:1: 1395 daAuts
     D:6: 1377 daAuts
     D:5: 1248 daAuts
     D:3: 906 daAuts
     D:4: 774 daAuts
     D:2: 431 daAuts
     D:7: 410 daAuts
  Temple: 118 daAuts
